 Seeded DCSS version 0.27.1-34-g3ba077fa99 (webtiles) character file.

Game seed: 420757259524105916 (custom seed)

597 croobank the Slasher (level 7, 0/61 HPs)
             Began as a Minotaur Berserker on Jan 1, 2022.
             Was a Priest of Trog.
             Slain by a killer bee (2 damage)
             ... on level 5 of the Dungeon.
             The game lasted 00:14:23 (3808 turns).

croobank the Slasher (Minotaur Berserker)           Turns: 3808, Time: 00:14:27

Health: 0/61       AC:  9    Str: 36    XL:     7   Next: 17%
Magic:  6/6        EV: 10    Int:  4    God:    Trog [***...]
Gold:   206        SH:  0    Dex:  9    Spells: 6/6 levels left

rFire    . . .     SeeInvis .   k - +1 dagger (holy)
rCold    . . .     Faith    .   (no shield)
rNeg     . . .     Spirit   .   e - +0 chain mail
rPois    .         Reflect  .   (helmet restricted)
rElec    .         Harm     .   (no cloak)
rCorr    .         Rampage  .   (no gloves)
Will     ++...                  (no boots)
Stlth    ..........             (no amulet)
HPRegen  1.20/turn              p - +6 ring of strength
MPRegen  0.10/turn              o - +6 ring of strength

@: lethally poisoned (0 -> -4), about to teleport, strong-willed, regenerating
A: horns 2, retaliatory headbutt
a: Renounce Religion, Berserk, Trog's Hand


You were on level 5 of the Dungeon.
You worshipped Trog.
Trog was most pleased with you.
You visited 1 branch of the dungeon, and saw 5 of its levels.

You collected 206 gold pieces.

Inventory:

Hand Weapons
 a - a +0 falchion
 k - a +1 dagger of holy wrath (weapon)
 l - a +4 triple sword of flaming
Missiles
 g - 142 stones (quivered)
 j - 44 bolts
Armour
 b - a +0 animal skin
 e - a +0 chain mail (worn)
 u - a +0 kite shield
Jewellery
 o - a +6 ring of strength (right hand)
 p - a +6 ring of strength (left hand)
Wands
 v - a wand of digging (6)
Scrolls
 d - 3 scrolls of blinking {blinking, unknown}
 f - a scroll of magic mapping {magic mapping, unknown}
 n - a scroll of torment {torment, unknown}
 q - 2 scrolls of identify {identify, unknown}
Potions
 c - a potion of might {might, unknown}
 i - 2 potions of lignification {lignification, unknown}
 m - 2 potions of flight {flight, unknown}
 r - a potion of brilliance {brilliance, unknown}
 s - a potion of ambrosia {ambrosia, unknown}
 t - a potion of haste {haste, unknown}


   Skills:
 + Level 5.2 Fighting
 + Level 0.1(4.3) Short Blades
 + Level 7.9 Long Blades
 + Level 3.4 Armour
 + Level 3.6 Dodging
 + Level 1.3 Stealth


You had 6 spell levels left.
You didn't know any spells.
Your spell library was empty.

Dungeon Overview and Level Annotations

Branches:
Dungeon (5/15)
 Temple: D:4-7

Altars:
Xom

Shops:
D:2 [


Innate Abilities, Weirdness & Mutations

You have a pair of horns on your head.
You reflexively headbutt those who attack you in melee.


Message History

As you read the scroll labelled OCVASE UPH {teleport}, it crumbles to dust.
You feel strangely unstable.
It was a scroll of teleportation {teleport}.
You feel very sick. The killer bee closely misses you. You furiously retaliate!
You headbutt the killer bee!
You kill the killer bee!
Trog accepts your kill. The killer bee stings you.
You are lethally poisoned!
The killer bee poisons you!
The killer bee stings you but does no damage.
The killer bee barely misses you.
You have reached level 7!
You hit the killer bee.
You kill the killer bee!
Trog accepts your kill.
* * * LOW HITPOINT WARNING * * *
You feel very sick. The killer bee stings you.
* * * LOW HITPOINT WARNING * * *
You are more poisoned.
The killer bee poisons you! The killer bee completely misses you.
* * * LOW HITPOINT WARNING * * *
You feel very sick. The killer bee barely misses you.
The killer bee stings you.
* * * LOW HITPOINT WARNING * * *
You hit the killer bee.
The killer bee is lightly wounded.
* * * LOW HITPOINT WARNING * * *
You feel very sick. The killer bee misses you.
Okay, then.
Your skin crawls.
You feel strong-willed.
* * * LOW HITPOINT WARNING * * *
You feel very sick. The killer bee barely misses you. You furiously retaliate!
You headbutt the killer bee. The killer bee stings you.
You die...

... ##.#.[
#..#.## .. #.##..
.## #....# ....
##..#.# ...##
##...#.# #.....
#......###....#
#@#.........####
#
#y#..###<.......
#.##....#
#.#......
#..!...## #.#
...$.
#..........# ..#
....
#................
###
#........#####.#.
#$.....### .. .
#...... .# ##


You could see a killer bee.

Vanquished Creatures
  A black bear (D:5)
  4 killer bees (D:5)
  An orc priest (D:4)
  An iguana (D:4)
  3 orc wizards (D:4)
  A gnoll (D:1)
  A howler monkey skeleton (D:4)
  7 adders
  An ufetubus (D:4)
  An adder skeleton (D:4)
  3 worms
  A dart slug (D:4)
  7 orcs
  10 endoplasms
  3 giant cockroaches
  7 goblins
  10 hobgoblins
  10 jackals (D:1)
  4 quokkas
  5 ball pythons
  7 bats
  2 frilled lizards
  7 kobolds
  4 rats (D:1)
101 creatures vanquished.

Notes
Turn   | Place    | Note
-------+----------+-------------------------------------------
     0 | D:1      | croobank the Minotaur Berserker began the quest for the
                  | Orb.
     0 | D:1      | Reached XP level 1. HP: 19/19 MP: 0/0
   172 | D:1      | Reached XP level 2. HP: 20/27 MP: 1/1
   291 | D:1      | Reached skill level 4 in Long Blades
   528 | D:1      | Reached ** piety under Trog
   576 | D:1      | Reached XP level 3. HP: 33/33 MP: 2/2
  1067 | D:1      | Found a faded altar of an unknown god.
  1229 | D:2      | Found Toes's Armour Shop.
  1266 | D:2      | Found a shimmering altar of Xom.
  1306 | D:2      | Reached XP level 4. HP: 32/41 MP: 3/3
  1510 | D:2      | Reached skill level 5 in Long Blades
  2411 | D:3      | Reached XP level 5. HP: 39/47 MP: 4/4
  3030 | D:4      | Reached *** piety under Trog
  3131 | D:4      | Reached skill level 1 in Stealth
  3142 | D:4      | Reached skill level 6 in Long Blades
  3218 | D:4      | Reached XP level 6. HP: 55/55 MP: 5/5
  3771 | D:5      | Entered Level 5 of the Dungeon
  3774 | D:5      | Reached skill level 5 in Fighting
  3774 | D:5      | Reached skill level 7 in Long Blades
  3805 | D:5      | Reached XP level 7. HP: 22/61 MP: 6/6
  3808 | D:5      | HP: 2/61 [poisoned by a killer bee]
  3808 | D:5      | Slain by a killer bee

Illustrated notes

Levels and vault maps discovered:
D:1:      lemuel_arrival_room, layout_loops_ring,
          shapermc_ecumenical_altar_mp_vishouse, minmay_pentomino_t2
D:2:      minmay_door_path, layout_basic, basic_altar, serial_shops, shop
D:3:      layout_basic
D:4:      layout_loops_ring
D:5:      layout_rooms, mainiacjoe_overflow_alcove_2, kennysheep_windowed_goal

Skill      XL: |  1  2  3  4  5  6 |
---------------+-------------------+-----
Fighting       | 4 5 |  5.2
Long Blades    | 4 5 6 7 |  7.9
Dodging        | 3 |  3.6
Stealth        | 1 |  1.3
Armour         | 3 |  3.4
Short Blades   | |  0.1

Action                   |  1- 3 |  4- 6 |  7- 9 || total
-------------------------+-------+-------+-------++-------
Melee: Falchion          |    76 |    52 |       ||   128
       Headbutt          |    11 |    24 |       ||    35
       Triple sword      |       |    35 |       ||    35
       Dagger            |       |    15 |     2 ||    17
Invok: Trog's Hand       |       |       |     1 ||     1
  Use: Scroll            |       |     3 |       ||     3
       Potion            |       |     1 |       ||     1
 Stab: Sleeping          |       |     1 |       ||     1
Armor: Animal skin       |    32 |     5 |       ||    37
       Chain mail        |       |    40 |       ||    40
Dodge: Dodged            |    67 |    78 |     4 ||   149
       Rpst.: Falchion   |    14 |     9 |       ||    23
       Triple sword      |       |     9 |       ||     9
